cohdb
Replays
Latest Replays
All Replays
Popular Replays
Top Player Replays
Match Explorer
How It Works
Community
CoH3 Stats
Reddit
Sign in to upload your games and track your stats! →
Sign in with Steam
Match 45288368
Unlisted
Match 45288368
Overview
Messages
Build Orders
End
Kradschützen Motorcycle Team
Selects Panzerjäger Kommand Battlegroup
Selects Mine Fields
Panzergrenadier Squad
250 Light Carrier
Panzergrenadier Squad
Construct Light Support Kompanie
Selects Tank Busters
2.5-tonne Medical Truck
MG34 Team
Panzerjäger Mechanized Group
Selects Defensive Positions
Construct Mechanized Kompanie
8 Rad Armored Car
Vehicle Survival Package
Panzerjäger Mechanized Group
Construct Panzerarmee Kommand
Selects Butterfly Bomb Drop
Butterfly Bomb Drop
Panzer III L Medium Tank
Walking Stuka Rocket Launcher
Selects Crew Shock Tactics
Armored Reserves
Panzer IV Assault Group
Butterfly Bomb Drop
Panzergrenadier Squad
Panzer III L Medium Tank
Bastión I
slayermj12
[REDACTED]
CommieRed
Thank You Chef
Kray-Tos
0
0
Comments
sign in to comment!
No comments posted yet!